TOP OF THE 1ST |
University of Minnesota Golden Gophers batting - Pitching for University of Conneticut Huskies : RHP Sherwood Abernethy
|
Pitching: RHP Sherwood Abernethy
|
|
Batting: SHB Chris Rodgers
|
0-0: Called Strike 0-1: Ball 1-1: Ball 2-1: Ball 3-1: TRIPLE (Flyball, 89XD, EV 93.8 MPH)
|
Batting: RHB Ned Scovell
|
0-0: Ball 1-0: Ball 2-0: Called Strike 2-1: SINGLE (Groundball, 6D, EV 101.9 MPH) Chris Rodgers scores
|
Batting: LHB Dick Shafer
|
0-0: Ball 1-0: Called Strike 1-1: Fly out, F8 (Flyball, 8LD, EV 104.4 MPH)
|
Batting: RHB Ozzie Buendia
|
0-0: Called Strike 0-1: Swinging Strike 0-2: Ball 1-2: Strikes out swinging
|
Batting: SHB Marty Kuehn
|
0-0: Called Strike 0-1: Foul Ball, location: 2F 0-2: Ball 1-2: Fly out, F7 (Flyball, 78D, EV 94.4 MPH)
|
Top of the 1st over - 1 run, 2 hits, 0 errors, 1 left on base; University of Minnesota 1 - University of Conneticut 0 |
BOTTOM OF THE 1ST |
University of Conneticut Huskies batting - Pitching for University of Minnesota Golden Gophers : RHP Adam Wickwire
|
Pitching: RHP Adam Wickwire
|
|
Batting: RHB Kyle Finney
|
0-0: Ball 1-0: Ball 2-0: Called Strike 2-1: Ball 3-1: Base on Balls
|
Batting: RHB Victor Nava
|
0-0: Ball 1-0: Ball 2-0: Called Strike 2-1: Foul Ball, location: 2F 2-2: Ball 3-2: Base on Balls Kyle Finney to second
|
Batting: LHB Greg James
|
0-0: Foul Ball, location: 2F 0-1: Grounds into double play, 5-4-3 (Groundball, 56, EV 86.9 MPH) Kyle Finney to third
|
Batting: RHB Cullen Elliott
|
0-0: Swinging Strike 0-1: Swinging Strike 0-2: Strikes out looking
|
Bottom of the 1st over - 0 runs, 0 hits, 0 errors, 1 left on base; University of Minnesota 1 - University of Conneticut 0 |
TOP OF THE 2ND |
University of Minnesota Golden Gophers batting - Pitching for University of Conneticut Huskies : RHP Sherwood Abernethy
|
Batting: LHB Alex Villa
|
0-0: Ball 1-0: DOUBLE (Line Drive, 7LD, EV 106.2 MPH)
|
Batting: RHB Farakiko Haunani
|
0-0: Called Strike 0-1: Swinging Strike 0-2: Ball Wild Pitch! Alex Villa to third 1-2: Ball 2-2: Ground out 1-3 (Groundball, 15S, EV 61.9 MPH)
|
Batting: LHB Antonio Cordero
|
0-0: Ground out 1-3 (Groundball, 15S, EV 63.1 MPH)
|
Batting: RHB Jose Garrido
|
0-0: Foul Ball, location: 2F 0-1: Ball 1-1: Ground out 2-3 (Groundball, 15S, EV 70.6 MPH)
|
Top of the 2nd over - 0 runs, 1 hit, 0 errors, 1 left on base; University of Minnesota 1 - University of Conneticut 0 |
BOTTOM OF THE 2ND |
University of Conneticut Huskies batting - Pitching for University of Minnesota Golden Gophers : RHP Adam Wickwire
|
Batting: RHB Roku Kawano
|
0-0: Ball 1-0: DOUBLE (Line Drive, 9LM, EV 98.8 MPH)
|
Batting: LHB Omar Alba
|
0-0: Foul Ball, location: 2F 0-1: Called Strike 0-2: Ball 1-2: SINGLE (Groundball, 4MD, EV 101.9 MPH) Roku Kawano to third
|
Batting: RHB Jordan Nicholas
|
0-0: Ball Omar Alba steals 2nd, throwing error, E2 Roku Kawano scores Omar Alba to third 1-0: Fly out, F7 (Flyball, 7, EV 88.1 MPH) Runner from 3rd tags up, SCORES, throw by LF
|
Batting: RHB Lee Wilbur
|
0-0: Ground out U3 (Groundball, 34S, EV 80.0 MPH)
|
Batting: RHB Jack Vokey
|
0-0: DOUBLE (Line Drive, 9LS, EV 98.1 MPH)
|
Batting: RHB Kyle Finney
|
0-0: Called Strike 0-1: Ball 1-1: Ground out 6-3 (Groundball, 6, EV 88.8 MPH)
|
Bottom of the 2nd over - 2 runs, 3 hits, 1 error, 1 left on base; University of Minnesota 1 - University of Conneticut 2 |
TOP OF THE 3RD |
University of Minnesota Golden Gophers batting - Pitching for University of Conneticut Huskies : RHP Sherwood Abernethy
|
Batting: SHB Chris Rodgers
|
0-0: Called Strike 0-1: Swinging Strike 0-2: Ball 1-2: Ground out 4-3 (Groundball, 4, EV 88.1 MPH)
|
Batting: RHB Ned Scovell
|
0-0: Swinging Strike 0-1: Swinging Strike 0-2: Foul Ball, location: 2F 0-2: Ball 1-2: Ball 2-2: Ball 3-2: Base on Balls
|
Batting: LHB Dick Shafer
|
0-0: Foul Ball, location: 2F 0-1: SINGLE (Groundball, 34, EV 92.5 MPH) (infield hit) Ned Scovell to second
|
Batting: RHB Ozzie Buendia
|
0-0: Fielders Choice at 2nd, 3-6 (Groundball, 34, EV 85.6 MPH) Ned Scovell to third
|
Batting: SHB Marty Kuehn
|
0-0: Ground out 4-3 (Groundball, 4M, EV 104.4 MPH)
|
Top of the 3rd over - 0 runs, 1 hit, 0 errors, 2 left on base; University of Minnesota 1 - University of Conneticut 2 |
BOTTOM OF THE 3RD |
University of Conneticut Huskies batting - Pitching for University of Minnesota Golden Gophers : RHP Adam Wickwire
|
Batting: RHB Victor Nava
|
0-0: Foul Ball, location: 2F 0-1: Ball 1-1: Ball 2-1: Called Strike 2-2: SINGLE (Groundball, 4MD, EV 98.1 MPH)
|
Batting: LHB Greg James
|
0-0: Fly out, F7 (Line Drive, 78M, EV 90.0 MPH)
|
Batting: RHB Cullen Elliott
|
0-0: Ball 1-0: Called Strike Victor Nava is caught stealing 2nd base 2-4 1-1: Ball 2-1: Ball 3-1: Called Strike 3-2: Foul Ball, location: 2F 3-2: Ground out U3 (Groundball, 34S, EV 86.2 MPH)
|
Bottom of the 3rd over - 0 runs, 1 hit, 0 errors, 0 left on base; University of Minnesota 1 - University of Conneticut 2 |
TOP OF THE 4TH |
University of Minnesota Golden Gophers batting - Pitching for University of Conneticut Huskies : RHP Sherwood Abernethy
|
Batting: LHB Alex Villa
|
0-0: Called Strike 0-1: Ball 1-1: Foul Ball, location: 2F 1-2: Ball 2-2: Foul Ball, location: 2F 2-2: Foul Ball, location: 2F 2-2: Foul Ball, location: 2F 2-2: Ball 3-2: Foul Ball, location: 2F 3-2: Foul Ball, location: 2F 3-2: Base on Balls
|
Batting: RHB Farakiko Haunani
|
0-0: Called Strike 0-1: Ball 1-1: Called Strike 1-2: Foul Ball, location: 2F 1-2: Strikes out swinging Alex Villa is caught stealing 2nd base 2-4 Batter strikes out.
|
Batting: LHB Antonio Cordero
|
0-0: Fly out, F8 (Flyball, 8LXD, EV 97.5 MPH)
|
Top of the 4th over - 0 runs, 0 hits, 0 errors, 0 left on base; University of Minnesota 1 - University of Conneticut 2 |
BOTTOM OF THE 4TH |
University of Conneticut Huskies batting - Pitching for University of Minnesota Golden Gophers : RHP Adam Wickwire
|
Batting: RHB Roku Kawano
|
0-0: Swinging Strike 0-1: Ground out 5-3 (Groundball, 56, EV 85.6 MPH)
|
Batting: LHB Omar Alba
|
0-0: Ball 1-0: Called Strike 1-1: Swinging Strike 1-2: Strikes out swinging
|
Batting: RHB Jordan Nicholas
|
0-0: Ball 1-0: Called Strike 1-1: Swinging Strike 1-2: Strikes out looking
|
Bottom of the 4th over - 0 runs, 0 hits, 0 errors, 0 left on base; University of Minnesota 1 - University of Conneticut 2 |
TOP OF THE 5TH |
University of Minnesota Golden Gophers batting - Pitching for University of Conneticut Huskies : RHP Sherwood Abernethy
|
Now in LF: Hector Acosta
|
|
Batting: RHB Jose Garrido
|
0-0: SINGLE (Flyball, 89S, EV 100.6 MPH)
|
Batting: SHB Chris Rodgers
|
0-0: Called Strike 0-1: Ball 1-1: Foul Ball, location: 2F 1-2: Foul Ball, location: 2F 1-2: Strikes out swinging
|
Batting: RHB Ned Scovell
|
0-0: Called Strike 0-1: Foul Ball, location: 2F 0-2: Ball 1-2: Grounds into double play, 6-4-3 (Groundball, 6, EV 104.4 MPH)
|
Top of the 5th over - 0 runs, 1 hit, 0 errors, 0 left on base; University of Minnesota 1 - University of Conneticut 2 |
BOTTOM OF THE 5TH |
University of Conneticut Huskies batting - Pitching for University of Minnesota Golden Gophers : RHP Adam Wickwire
|
Now at C: Jason Mooris
|
|
Now at 1B: Jose Moncada
|
|
Now in RF: Roy Evenden
|
|
Batting: RHB Lee Wilbur
|
0-0: Fly out, F6 (Line Drive, 56, EV 70.6 MPH)
|
Batting: RHB Jack Vokey
|
0-0: Called Strike 0-1: Ball 1-1: Ball 2-1: Called Strike 2-2: Ball 3-2: Strikes out swinging
|
Batting: RHB Charlie Slayback
|
0-0: Called Strike 0-1: Ground out 4-3 (Groundball, 4, EV 87.5 MPH)
|
Bottom of the 5th over - 0 runs, 0 hits, 0 errors, 0 left on base; University of Minnesota 1 - University of Conneticut 2 |
TOP OF THE 6TH |
University of Minnesota Golden Gophers batting - Pitching for University of Conneticut Huskies : RHP Sherwood Abernethy
|
Pitching: RHP Hector Guerra
|
|
Now at C: Miguel Perez
|
|
Batting: LHB Jose Moncada
|
0-0: Swinging Strike 0-1: Ball 1-1: Ball 2-1: Called Strike 2-2: Foul Ball, location: 2F 2-2: Foul Ball, location: 2F 2-2: Foul Ball, location: 2F 2-2: Ground out 5-3 (Groundball, 6, EV 83.1 MPH)
|
Pinch Hitting: LHB Josh Rini
|
0-0: SINGLE (Groundball, 4MD, EV 103.1 MPH)
|
Batting: LHB Ivan Villegas
|
0-0: Ball 1-0: Ball 2-0: Called Strike 2-1: Swinging Strike 2-2: Strikes out swinging
|
Pinch Hitting: RHB Ron Gooch
|
0-0: Ball 1-0: Swinging Strike 1-1: Ground out 4-3 (Groundball, 4, EV 83.8 MPH)
|
Top of the 6th over - 0 runs, 1 hit, 0 errors, 1 left on base; University of Minnesota 1 - University of Conneticut 2 |
BOTTOM OF THE 6TH |
University of Conneticut Huskies batting - Pitching for University of Minnesota Golden Gophers : RHP Adam Wickwire
|
Pitching: RHP Luis Ibarra
|
|
Now at 3B: Josh Rini
|
|
Now at SS: Ron Gooch
|
|
Now in LF: Ned Scovell
|
|
Batting: LHB Hector Acosta
|
0-0: Foul Ball, location: 2F 0-1: Ball 1-1: Ball 2-1: Ground out 6-3 (Groundball, 56, EV 87.5 MPH)
|
Pinch Hitting: RHB Victor Ramos
|
0-0: Ball 1-0: Ball 2-0: Called Strike 2-1: Ball 3-1: Foul Ball, location: 2F 3-2: Foul Ball, location: 2F 3-2: DOUBLE (Flyball, 8RXD, EV 104.4 MPH)
|
Batting: RHB Cullen Elliott
|
0-0: Ball 1-0: Ball 2-0: Ball 3-0: Hit by Pitch
|
Batting: SHB Miguel Perez
|
0-0: Called Strike 0-1: Ball 1-1: DOUBLE (Flyball, 8RD, EV 107.5 MPH) Victor Ramos scores Cullen Elliott to third Runner from 3rd tries for Home, SAFE, throw by CF to trailing runner, OUT at third! 8-3-5
|
Batting: LHB Omar Alba
|
0-0: Fly out, F8 (Flyball, 8LM, EV 74.4 MPH)
|
Bottom of the 6th over - 2 runs, 2 hits, 0 errors, 0 left on base; University of Minnesota 1 - University of Conneticut 4 |
TOP OF THE 7TH |
University of Minnesota Golden Gophers batting - Pitching for University of Conneticut Huskies : RHP Hector Guerra
|
Now in RF: Andrew Barzee
|
|
Pinch Hitting: RHB Tatsuyoshi Ikeda
|
0-0: Ball 1-0: Ball 2-0: Ball 3-0: Foul Ball, location: 2F 3-1: Foul Ball, location: 2F 3-2: Foul Ball, location: 2F 3-2: Base on Balls
|
Pinch Hitting: LHB Gabe Cothron
|
0-0: Called Strike Tatsuyoshi Ikeda steals 2nd base 0-1: Swinging Strike 0-2: Foul Ball, location: 2F 0-2: Foul Ball, location: 2F 0-2: Foul Ball, location: 2F 0-2: Foul Ball, location: 2F 0-2: Ball 1-2: Foul Ball, location: 2F 1-2: Strikes out swinging
|
Batting: RHB Jason Mooris
|
0-0: Foul Ball, location: 2F 0-1: Called Strike 0-2: Ball 1-2: Foul Ball, location: 2F 1-2: Ball 2-2: Ball 3-2: Foul Ball, location: 2F 3-2: Strikes out looking
|
Pitching: RHP Gilberto Herrero
|
|
Pinch Hitting: RHB Jarrod Strickhouser
|
0-0: Called Strike 0-1: SINGLE (Groundball, 56D, EV 101.2 MPH) Tatsuyoshi Ikeda to third Runner from 3rd tries for Home, SAFE, throw by LF to home
|
Pinch Hitting: RHB Dave Uttley
|
0-0: Called Strike 0-1: Ball 1-1: Swinging Strike 1-2: Strikes out swinging
|
Top of the 7th over - 1 run, 1 hit, 0 errors, 1 left on base; University of Minnesota 2 - University of Conneticut 4 |
BOTTOM OF THE 7TH |
University of Conneticut Huskies batting - Pitching for University of Minnesota Golden Gophers : RHP Luis Ibarra
|
Now at 2B: Tatsuyoshi Ikeda
|
|
Now in LF: Gabe Cothron
|
|
Now in CF: Jarrod Strickhouser
|
|
Now in RF: Dave Uttley
|
|
Batting: RHB Jordan Nicholas
|
0-0: Ground out 6-3 (Groundball, 6, EV 91.9 MPH)
|
Pinch Hitting: RHB Paul Pastrano
|
0-0: Called Strike 0-1: Fly out, F3 (Flyball, 34D, EV 95.0 MPH)
|
Batting: RHB Jack Vokey
|
0-0: Called Strike 0-1: Ball 1-1: Ground out 5-3 (Groundball, 56, EV 83.1 MPH)
|
Bottom of the 7th over - 0 runs, 0 hits, 0 errors, 0 left on base; University of Minnesota 2 - University of Conneticut 4 |
TOP OF THE 8TH |
University of Minnesota Golden Gophers batting - Pitching for University of Conneticut Huskies : RHP Gilberto Herrero
|
Pitching: LHP Jesus Cordero
|
|
Now at 1B: Paul Pastrano
|
|
Batting: LHB Jose Moncada
|
0-0: Ball 1-0: SINGLE (Groundball, 34S, EV 65.0 MPH) (infield hit)
|
Pinch Hitting: RHB Mike Satterfield
|
0-0: Foul Ball, location: 2F 0-1: Foul Ball, location: 2F 0-2: Strikes out swinging
|
Batting: RHB Scott Rose
|
0-0: Swinging Strike 0-1: Ball 1-1: Ball 2-1: Called Strike 2-2: Ball 3-2: Foul Ball, location: 2F 3-2: Strikes out swinging
|
Batting: RHB Ron Gooch
|
0-0: Ball 1-0: Called Strike 1-1: Called Strike 1-2: Ball 2-2: Foul Ball, location: 2F 2-2: Strikes out swinging
|
Top of the 8th over - 0 runs, 1 hit, 0 errors, 1 left on base; University of Minnesota 2 - University of Conneticut 4 |
BOTTOM OF THE 8TH |
University of Conneticut Huskies batting - Pitching for University of Minnesota Golden Gophers : RHP Luis Ibarra
|
Pitching: RHP Enakai Moritiica
|
|
Now at 3B: Phil Bonner
|
|
Batting: RHB Matthew Lanford
|
0-0: Called Strike 0-1: Ball 1-1: Ball 2-1: Ground out 6-3 (Groundball, 6, EV 83.8 MPH)
|
Batting: LHB Hector Acosta
|
0-0: Ball 1-0: SINGLE (Groundball, 34D, EV 103.8 MPH)
|
Batting: LHB Andrew Barzee
|
0-0: Ball 1-0: Ball Hector Acosta is caught stealing 2nd base 2-6 2-0: Fly out, F8 (Line Drive, 8RM, EV 86.2 MPH)
|
Bottom of the 8th over - 0 runs, 1 hit, 0 errors, 0 left on base; University of Minnesota 2 - University of Conneticut 4 |
TOP OF THE 9TH |
University of Minnesota Golden Gophers batting - Pitching for University of Conneticut Huskies : LHP Jesus Cordero
|
Pitching: LHP William Garcia
|
|
Batting: RHB Tatsuyoshi Ikeda
|
0-0: Ball 1-0: Called Strike 1-1: Foul Ball, location: 2F 1-2: Foul Ball, location: 2F 1-2: Strikes out looking
|
Pinch Hitting: RHB Josh Gifford
|
0-0: Ball 1-0: Called Strike 1-1: Foul Ball, location: 2F 1-2: Foul Ball, location: 2F 1-2: Strikes out looking
|
Pitching: LHP Travis Ventresca
|
|
Pinch Hitting: LHB Bobby Agterberg
|
0-0: SOLO HOME RUN (Flyball, 7LD, EV 96.2 MPH), Distance : 378 ft
|
Batting: RHB Jarrod Strickhouser
|
0-0: Foul Ball, location: 2F 0-1: Foul Ball, location: 2F 0-2: Ball 1-2: Ball 2-2: Foul Ball, location: 2F 2-2: Ball 3-2: Foul Ball, location: 2F 3-2: Base on Balls
|
Pinch Hitting: RHB Chris Gant
|
0-0: Ball 1-0: Swinging Strike 1-1: Called Strike 1-2: Ball 2-2: Foul Ball, location: 2F 2-2: Strikes out looking
|
Top of the 9th over - 1 run, 1 hit, 0 errors, 1 left on base; University of Minnesota 3 - University of Conneticut 4 |
|